 Seeded DCSS version 0.29-a0-923-g6e406bff71 (webtiles) character file.

Game seed: 20220728 (custom seed)

772 purpskrrrp the Cudgeller (level 7, -8/44 HPs)
             Began as a Gargoyle Monk on July 28, 2022.
             Was a Plaything of Xom.
             Mangled by an acid dragon (11 damage)
             ... on level 4 of the Dungeon.
             The game lasted 00:14:13 (5257 turns).

purpskrrrp the Cudgeller (Gargoyle Monk)            Turns: 5257, Time: 00:14:14

Health: -8/44      AC: 14    Str: 17    XL:     7   Next: 83%
Magic:  7/7        EV: 10    Int: 10    God:    Xom [......]
Gold:   25         SH:  0    Dex: 12    Spells: 6/6 levels left

rFire   + . .      SeeInvis .   a - +0 mace (venom)
rCold   . . .      Faith    .   (no shield)
rNeg    + . .      Spirit   .   f - +1 scale mail {rF+}
rPois   ∞          Reflect  .   m - +0 helmet
rElec   +          Harm     .   (no cloak)
rCorr   .          Rampage  .   (no gloves)
Will    .....                   (no boots)
Stlth   +.........              (no amulet)
HPRegen 0.14/turn               s - +4 ring of protection
MPRegen 0.10/turn               (no ring)

@: corroded
A: sickness immunity, AC +4, negative energy resistance 1, electricity
resistance, torment resistance 1, petrification resistance
a: Renounce Religion


You were on level 4 of the Dungeon.
You worshipped Xom.
You were a very special plaything of Xom.
You visited 1 branch of the dungeon, and saw 5 of its levels.

You collected 220 gold pieces.
You spent 195 gold pieces at shops.

Inventory:

Hand Weapons
 a - a +0 mace of venom (weapon)
 t - a +0 flail of protection
Missiles
 d - 4 poisoned darts (quivered)
 i - 3 javelins
 j - 6 boomerangs
Armour
 b - a +0 robe
 f - a +1 scale mail of fire resistance (worn)
 m - a +0 helmet (worn)
Jewellery
 s - a +4 ring of protection (left hand)
Wands
 g - a wand of roots (8)
 l - a wand of digging (4)
 r - a wand of charming (3)
Scrolls
 k - a scroll of silence
 n - a scroll of blinking
 o - 2 scrolls of magic mapping
 p - a scroll of identify
 q - a scroll of teleportation
Potions
 c - a potion of ambrosia
 e - 4 potions of heal wounds
 h - 2 potions of curing


   Skills:
 + Level 4.3 Fighting
 * Level 6.6 Maces & Flails
 * Level 5.7 Armour
 - Level 2.4 Dodging
 - Level 2.1 Stealth


You had 6 spell levels left.
You didn't know any spells.
Your spell library contained the following spells:

 Spells                   Type           Power      Damage    Failure   Level
 Poisonous Vapours        Pois/Air       0%         N/A       87%         2
 Corpse Rot               Necr/Pois/Air  0%         N/A       100%        4


Dungeon Overview and Level Annotations

Branches:
Dungeon (5/15)
 Temple: D:4-7

Altars:
Trog
Xom

Shops:
D:5 (([*(

Annotations:
D:3 3 runed translucent doors, Spectrina's ghost, weakling DjVM


Innate Abilities, Weirdness & Mutations

You are immune to sickness and miasma.
Your stone body is resilient. (AC +4)
You are immune to poison.
You resist negative energy. (rN+)
You are resistant to electric shocks. (rElec)
You are resistant to unholy torment.
You are immune to petrification.


Message History

You are too injured to fight recklessly!
You are too injured to fight recklessly!
You are too injured to fight recklessly!
You sock the acid dragon!
The acid dragon is moderately wounded.
The acid dragon bites you.
The acid dragon claws you but does no damage.
You hit the acid dragon.
The acid dragon is heavily wounded.
The acid dragon misses you.
The acid dragon claws you but does no damage.
You closely miss the acid dragon.
The acid dragon is heavily wounded.
The acid dragon spits acid at you. The splash of acid hits you.
* * * LOW HITPOINT WARNING * * *
The acid corrodes you!
You hear a shout!
You hit the acid dragon but do no damage.
The acid dragon is poisoned.
You punch the acid dragon, but do no damage.
The acid dragon is heavily wounded.
The acid dragon bites you.
* * * LOW HITPOINT WARNING * * *
The acid dragon closely misses you.
You barely miss the acid dragon.
The acid dragon is heavily wounded.
The acid dragon bites you.
* * * LOW HITPOINT WARNING * * *
The acid dragon claws you but does no damage.
You hit the acid dragon but do no damage.
The acid dragon is heavily wounded.
The acid dragon barely misses you.
The acid dragon claws you but does no damage.
You sock the acid dragon!
The acid dragon looks as sick as possible!
The acid dragon is severely wounded.
Xom makes a sudden noise!
You hear a muffled joke.
The acid dragon bites you!
You die...

#..##..##..#....'..
#..##......#....#..
#...'......#....###
#..###'##'##....#
#..#....D.......###
####....)....).....
#..'......####.####
#.D#......#.......#
#.@#....#.#.......#
#..#....#.#.......#
#..#....#.^..._...^
#>.#......#.......#
#..#......#.......#
#..#......#.......#
#..#....#.#########
#..#....#..........
#..'....#####......


You could see an acid dragon (extremely poisoned).

Vanquished Creatures
  Eustachio (D:4)
  A phantom (D:5)
  2 scorpions
  5 hounds (D:5)
  A jelly (D:5)
  An orc priest (D:5)
  2 iguanas
  2 orc wizards (D:5)
  3 gnolls (D:2)
  6 adders
  7 orcs
  3 bats
  6 endoplasms
  3 giant cockroaches
  5 goblins
  7 hobgoblins
  4 jackals (D:5)
  6 kobolds
  2 quokkas
  4 ball pythons
  3 rats
74 creatures vanquished.

Vanquished Creatures (others)
  4 fungi (D:3)
4 creatures vanquished.

Grand Total: 78 creatures vanquished

Notes
Turn   | Place    | Note
-------+----------+-------------------------------------------
     0 | D:1      | purpskrrrp the Gargoyle Monk began the quest for the Orb.
     0 | D:1      | Reached XP level 1. HP: 14/14 MP: 1/1
   441 | D:1      | Found a faded altar of an unknown god.
   459 | D:1      | Prayed at the altar of an unknown god.
   459 | D:1      | Became a worshipper of Xom of Chaos
   551 | D:1      | Reached XP level 2. HP: 19/19 MP: 2/2
   787 | D:1      | XOM: silly message
  1002 | D:1      | XOM: silly message
  1005 | D:1      | XOM: noise
  1638 | D:2      | XOM: silly message
  1641 | D:2      | Reached skill level 1 in Armour
  1706 | D:2      | Reached XP level 3. HP: 23/23 MP: 3/3
  2125 | D:2      | Reached skill level 4 in Maces & Flails
  2130 | D:2      | Reached XP level 4. HP: 17/29 MP: 4/4
  2202 | D:2      | XOM: silly message
  2658 | D:3      | Found a runed translucent gate.
  2658 | D:3      | Noticed a kobold brigand
  2659 | D:3      | Found a runed translucent gate.
  2659 | D:3      | Noticed Spectrina's ghost (weakling DjVM)
  2662 | D:3      | Found a runed translucent gate.
  3022 | D:4      | Noticed a scorpion
  3028 | D:4      | Killed a scorpion
  3029 | D:4      | Reached XP level 5. HP: 28/33 MP: 5/5
  3084 | D:4      | XOM: divination: detect items
  3214 | D:4      | Noticed Eustachio
  3234 | D:4      | XOM: cast spell 'Alistair's Intoxication'
  3261 | D:4      | Killed Eustachio
  3262 | D:4      | Reached skill level 5 in Maces & Flails
  3262 | D:4      | Reached XP level 6. HP: 18/38 MP: 6/6
  3557 | D:4      | XOM: scenery: 3 doors close
  3664 | D:4      | Found a bloodstained altar of Trog.
  3817 | D:4      | Noticed an acid dragon
  3833 | D:5      | Entered Level 5 of the Dungeon
  3963 | D:5      | XOM: cloud trail
  4032 | D:5      | XOM: silly message
  4141 | D:5      | Found Weocob's Antique Weapon Shoppe.
  4215 | D:5      | XOM: potion effect (haste)
  4320 | D:5      | Reached XP level 7. HP: 41/43 MP: 7/7
  4364 | D:5      | Reached skill level 5 in Armour
  4443 | D:5      | Reached skill level 6 in Maces & Flails
  4446 | D:5      | XOM: silly message
  4466 | D:5      | XOM: silly message
  4533 | D:5      | XOM: silly message
  4623 | D:5      | XOM: silly message
  4667 | D:5      | XOM: silly message
  4675 | D:5      | Identified a scroll of acquirement
  4675 | D:5      | Acquired a +4 ring of protection
  4847 | D:5      | XOM: noise
  4898 | D:5      | Found Ygguceiluo's Armour Shop.
  4907 | D:5      | Found Himuushro's Weapon Boutique.
  5028 | D:5      | Found Ytogiy Teib's Assorted Antiques.
  5073 | D:5      | Found Hisiniz's Antique Weapon Boutique.
  5124 | D:5      | Bought a glowing flail for 195 gold pieces
  5248 | D:4      | XOM: silly message
  5257 | D:4      | XOM: noise
  5257 | D:4      | Mangled by an acid dragon

Illustrated notes

Levels and vault maps discovered:
D:1:      dpeg_arrival_erosion, layout_basic, ebering_ecumenical_altar_abandoned
D:2:      layout_basic
D:3:      layout_loops_ring, gammafunk_ghost_nasty_kobolds
D:4:      layout_gridville, lemuel_tele_altar, st_stairs_3, uniq_eustachio
D:5:      minmay_evil_eye, layout_basic, serial_shops, nicolae_diamond_shop,
          shop_fountains, shop, shop, nicolae_shop_advertising_works
          [nicolae_subvault_shop_adworks]

Skill      XL: |  1  2  3  4  5  6  7 |
---------------+----------------------+-----
Armour         | 1 2 3 4 5 |  5.7
Maces & Flails | 4 5 6 |  6.6
Fighting       | 4 |  4.3
Dodging        | |  2.4
Stealth        | |  2.1

Action                   |  1- 3 |  4- 6 |  7- 9 || total
-------------------------+-------+-------+-------++-------
Melee: Mace              |    70 |   111 |    78 ||   259
       Punch             |       |     1 |     2 ||     3
  Use: Scroll            |     1 |    11 |     2 ||    14
       Potion            |     1 |       |       ||     1
 Stab: Invisible         |     1 |       |       ||     1
Armor: Scale mail        |    51 |    87 |    63 ||   201
       Robe              |     2 |       |       ||     2
Dodge: Dodged            |    47 |    67 |    41 ||   155

Table legend: (Time is in decaauts)
 A = Elapsed time spent in this place.
 B = Non-inter-level travel time spent in this place.
 C = Inter-level travel time spent in this place.
 D = Time resting spent in this place.
 E = Time spent auto-exploring this place.
 F = Levels seen in this place.
 G = Mean time per level.
                   A        B        C        D        E       F      G
               +--------+--------+--------+--------+--------+-----+--------+
         Total |   5275 |   4996 |    279 |    518 |   3613 |   5 | 1055.0 |
       Dungeon |   5275 |   4996 |    279 |    518 |   3613 |   5 | 1055.0 |
               +--------+--------+--------+--------+--------+-----+--------+

Top non-repeatable levels by time:
     D:1: 1458 daAuts
     D:5: 1400 daAuts
     D:2: 909 daAuts
     D:4: 881 daAuts
     D:3: 625 daAuts
